 Dungeon Crawl Stone Soup version 0.29-a0-341-g24ffce5b50 (webtiles) character file.

Game seed: 3314966882234897440

63 HendSelp the Insei (level 4, 0/35 HPs)
             Began as a Human Monk on Apr 20, 2022.
             Slain by a gnoll
             ... wielding a +0 whip
              (6 damage)
             ... on level 3 of the Dungeon.
             The game lasted 00:02:18 (1998 turns).

HendSelp the Insei (Human Monk)                     Turns: 1998, Time: 00:02:19

Health: 0/35       AC:  3    Str: 13    XL:     4   Next: 31%
Magic:  4/4        EV: 17    Int: 10    God:
Gold:   83         SH:  0    Dex: 16    Spells: 3/3 levels left

rFire   . . .      SeeInvis .     - Unarmed
rCold   . . .      Faith    .   (no shield)
rNeg    . . .      Spirit   .   a - +0 robe
rPois   .          Reflect  .   (no helmet)
rElec   .          Harm     .   (no cloak)
rCorr   .          Rampage  .   c - +0 pair of gloves
Will    .....                   (no boots)
Stlth   ++........              (no amulet)
HPRegen 0.11/turn               f - ring of wizardry
MPRegen 0.09/turn               g - +4 ring of evasion

@: no status effects
A: no striking features
a: no special abilities


You were on level 3 of the Dungeon.
You visited 1 branch of the dungeon, and saw 3 of its levels.

You collected 83 gold pieces.

Inventory:

Missiles
 d - a throwing net (quivered)
Armour
 a - a +0 robe (worn)
 c - a +0 pair of gloves (worn)
Jewellery
 f - a ring of wizardry (left hand)
 g - a +4 ring of evasion (right hand)
Potions
 e - a potion of magic {unknown}
 h - a potion of resistance


   Skills:
 * Level 3.4 Fighting
 * Level 0.8 Armour
 * Level 3.5 Dodging
 - Level 2.0 Stealth
 * Level 3.9 Unarmed Combat


You had 3 spell levels left.
You didn't know any spells.
Your spell library was empty.

Dungeon Overview and Level Annotations

Branches:
Dungeon (3/15)

Altars:


Message History

The gnoll is heavily wounded.
The gnoll closely misses you.
Unknown command.
You hit the gnoll but do no damage.
The gnoll is heavily wounded.
The gnoll hits you with a +0 whip.
Unknown command.
You hit the gnoll but do no damage.
The gnoll is heavily wounded.
Unknown command.
You hit the gnoll.
The gnoll is severely wounded.
The gnoll misses you.
You hit the gnoll.
The gnoll is severely wounded.
The gnoll closely misses you.
You closely miss the gnoll.
The gnoll is severely wounded.
The gnoll hits you with a +0 whip.
* * * LOW HITPOINT WARNING * * *
You hit the gnoll but do no damage.
The gnoll is severely wounded.
The gnoll hits you with a +0 whip.
* * * LOW HITPOINT WARNING * * *
You hit the gnoll.
The gnoll is almost dead.
The gnoll hits you with a +0 whip.
* * * LOW HITPOINT WARNING * * *
You are confused.
You feel invigorated. The gnoll hits you with a +0 whip.
* * * LOW HITPOINT WARNING * * *
Unknown command.
You bump into the rock wall.
The gnoll hits you with a +0 whip.
* * * LOW HITPOINT WARNING * * *
You feel less invigorated.
You feel less confused.
You barely miss the gnoll.
The gnoll is almost dead.
The gnoll hits you with a +0 whip.
You die...

####### #.....#######
#### #...........#
.....
###......####.###......
..............@g)g.....
########......###......
#####..###### .....
#............ ....
.#####.########### ...
........<....... ..
###########..... . ###


You could see 2 gnolls.

Vanquished Creatures
  2 gnolls (D:3)
  2 worms (D:2)
  A dart slug (D:1)
  4 bats
  4 endoplasms
  A giant cockroach (D:2)
  5 goblins
  A hobgoblin (D:1)
  2 jackals (D:1)
  3 quokkas (D:2)
  3 ball pythons (D:2)
  A frilled lizard (D:2)
  2 kobolds
  4 rats
35 creatures vanquished.

Notes
Turn   | Place    | Note
-------+----------+-------------------------------------------
     0 | D:1      | HendSelp the Human Monk began the quest for the Orb.
     0 | D:1      | Reached XP level 1. HP: 18/18 MP: 1/1
    17 | D:1      | Found a faded altar of an unknown god.
   320 | D:1      | Reached XP level 2. HP: 24/24 MP: 2/2
   830 | D:2      | Reached XP level 3. HP: 18/29 MP: 3/3
  1976 | D:3      | Reached XP level 4. HP: 24/35 MP: 4/4
  1995 | D:3      | HP: 1/35 [gnoll/+0 whip (6)]
  1998 | D:3      | Slain by a gnoll

Illustrated notes

Levels and vault maps discovered:
D:1:      zaba_arrival_water, layout_loops_ring, basic_ecumenical_altar,
          chequers_serial_rivers_micro_c
D:2:      layout_loops_corners
D:3:      layout_basic, uniq_terence, uniq_jessica

Action                   |  1- 3 |  4- 6 || total
-------------------------+-------+-------++-------
Melee: Unarmed           |   138 |    20 ||   158
       Punch             |     4 |       ||     4
  Use: Scroll            |     6 |       ||     6
       Potion            |       |     1 ||     1
 Stab: Sleeping          |     7 |       ||     7
Armor: Robe              |    20 |     2 ||    22
Dodge: Dodged            |    86 |     7 ||    93

Table legend: (Time is in decaauts)
 A = Elapsed time spent in this place.
 B = Non-inter-level travel time spent in this place.
 C = Inter-level travel time spent in this place.
 D = Time resting spent in this place.
 E = Time spent auto-exploring this place.
 F = Levels seen in this place.
 G = Mean time per level.
                   A        B        C        D        E       F      G
               +--------+--------+--------+--------+--------+-----+--------+
         Total |   1993 |   1901 |     92 |      6 |   1576 |   3 |  664.3 |
       Dungeon |   1993 |   1901 |     92 |      6 |   1576 |   3 |  664.3 |
               +--------+--------+--------+--------+--------+-----+--------+

Top non-repeatable levels by time:
     D:2: 1112 daAuts
     D:1: 821 daAuts
     D:3: 59 daAuts
